AoeStats
← Blazing Cartesia, The Virtuous

Runestones

508170279Analyzed
1v1 RM · 11d ago on Sep 21, 2026· 44m 46s· 2 players
Game mode
Random Map
Map size
Tiny (2 player)
Population
200
Speed
Normal
Resources
Standard
Victory
Conquest
Starting age
Dark Age
Ending age
Imperial Age
RankedLock teamsTeams togetherTeam positionsShared explorationLock speedFull tech treeHidden civsTurbo modeCheats
Victory
Defeat
1115
+18
🇨🇭 Maya · Switzerland
1159
-18
VilmosErwin
0:36 Loom
9:01 Feudal Age
9:35 Double-Bit Axe
11:59 Scale Mail Armor
12:05 Arson
14:13 Forging
21:00 Castle Age
20:10 Gold Mining
20:25 Fletching
20:35 Padded Archer Armor
20:40 Horse Collar
21:37 Crossbowman
22:52 Bodkin Arrow
24:38 Stone Mining
27:16 Squires
29:43 Thumb Ring
30:10 Ballistics
30:27 Leather Archer Armor
31:53 Elite Skirmisher
38:58 Imperial Age
40:00 Bracer
41:12 Chemistry
42:48 Wheelbarrow
44:25 Ring Archer Armor
Blazing Cartesia, The Virtuous
7:15 Loom
10:26 Feudal Age
10:55 Double-Bit Axe
10:53 Horse Collar
12:12 Wheelbarrow
14:16 Man-at-Arms
22:42 Castle Age
20:58 Gold Mining
22:13 Fletching
23:26 Forging
23:18 Scale Mail Armor
22:57 Elite Skirmisher
23:51 Bow Saw
23:48 Squires
24:39 Bodkin Arrow
25:11 Long Swordsman
27:15 Padded Archer Armor
27:47 Heavy Plow
30:08 Hand Cart
31:57 Ballistics
33:00 Leather Archer Armor
37:00 Thumb Ring
37:18 Stone Mining
40:09 Chain Mail Armor
40:30 Iron Casting
43:21 Imperial Age
43:25 Capped Ram
43:30 Imperial Skirmisher
44:15 Bracer
44:47 Plate Mail Armor
44:09 Two-Handed Swordsman
Connection lost

Rejoining the realm…

Still unreachable

The connection could not be restored.

Session expired

The server has moved on; the page needs a fresh start.